 Dungeon Crawl Stone Soup version 0.31.0-9-g3a7656b989 (webtiles) character file.

Game seed: 2604222104212785423

21167 ExZ the Cleaver (level 12, 0/65 HPs)
             Began as a Vine Stalker Fighter on Jan 28, 2024.
             Was a High Priest of Makhleb.
             Slain by a water moccasin (3 damage)
             ... on level 3 of the Lair of Beasts.
             The game lasted 00:17:07 (11765 turns).

ExZ the Cleaver (Vine Stalker Fighter)             Turns: 11765, Time: 00:17:10

Health: 0/65       AC: 19    Str: 28    XL:     12   Next: 87%
Magic:  0/13       EV:  7    Int:  8    God:    Makhleb [*****.]
Gold:   798        SH: 13    Dex: 22    Spells: 11/11 levels left

rFire   . . .        j - +3 broad axe (elec)
rCold   . . .        E - +0 kite shield
rNeg    . . .        N - +0 plate armour
rPois   .            c - +1 hat
rElec   .            n - +1 cloak
rCorr   .            s - +0 pair of gloves
SInv    .            F - +0 pair of boots
Will    +....        i - amulet of the acrobat Stlth
                     k - +6 ring of dexterity
HPRegen 1.10/turn    O - +6 ring of strength
MPRegen 0.13/turn

%: acrobat, guardian spirit
@: mighty, lethally poisoned (0 -> -1)
A: fangs 3, regeneration 1, magic shield, antimagic bite, no potion heal 2
a: Renounce Religion, Minor Destruction, Lesser Servant of Makhleb, Major
Destruction, Greater Servant of Makhleb


You were on level 3 of the Lair of Beasts.
You worshipped Makhleb.
Makhleb was extremely pleased with you.
You visited 3 branches of the dungeon, and saw 15 of its levels.

You collected 798 gold pieces.

Inventory:

Hand Weapons
 j - a +3 broad axe of electrocution (weapon)
Armour
 c - a +1 hat (worn)
 n - a +1 cloak (worn)
 s - a +0 pair of gloves (worn)
 E - a +0 kite shield (worn)
 F - a +0 pair of boots (worn)
 N - a +0 plate armour (worn)
Jewellery
 i - an amulet of the acrobat (around neck)
 k - a +6 ring of dexterity (left hand)
 u - a ring of see invisible
 G - a ring of willpower
 O - a +6 ring of strength (right hand)
Wands
 a - a wand of flame (25)
 b - a wand of iceblast (2)
 e - a wand of polymorph (15)
 m - a wand of charming (1)
 y - a wand of mindburst (20)
 I - a wand of digging (12)
Scrolls
 f - a scroll of revelation
 h - a scroll of immolation
 o - 4 scrolls of teleportation
 q - 3 scrolls of identify
 r - 2 scrolls of torment
 t - a scroll of butterflies
 v - 2 scrolls of brand weapon
 w - 3 scrolls of enchant armour
 B - 3 scrolls of poison {unknown}
 C - 2 scrolls of blinking
 M - a scroll of amnesia {unknown}
Potions
 d - 2 potions of mutation
 g - a potion of invisibility
 l - 2 potions of resistance
 p - a potion of cancellation
 x - a potion of magic {unknown}
 z - 2 potions of ambrosia {unknown}
 A - a potion of might
 D - a potion of enlightenment {unknown}
 H - a potion of curing {unknown}
 J - a potion of berserk rage {unknown}
 K - a potion of lignification {unknown}
 L - a potion of degeneration {unknown}


   Skills:
 - Level 8.8 Fighting
 * Level 11.3 Axes
 + Level 8.1 Armour
 * Level 11.2 Shields


You had 11 spell levels left.
You didn't know any spells.
Your spell library contained the following spells:

 Spells                   Type           Power      Damage    Failure   Level
 Apportation              Tloc           0%         N/A       99%         1
 Magic Dart               Conj           0%         1d3       99%         1
 Shock                    Conj/Air       0%         1d3       99%         1
 Slow                     Hex            0%         N/A       99%         1
 Blink                    Tloc           0%         N/A       100%        2
 Jinxbite                 Hex            0%         N/A       100%        2
 Lesser Beckoning         Tloc           0%         N/A       100%        2
 Momentum Strike          Conj/Tloc      0%         3d8       100%        2
 Searing Ray              Conj           0%         2d4       100%        2
 Confusing Touch          Hex            0%         N/A       100%        3
 Inner Flame              Hex/Fire       0%         N/A       100%        3
 Sigil of Binding         Hex            0%         N/A       100%        3
 Swiftness                Air            0%         N/A       100%        3
 Tukima's Dance           Hex            0%         N/A       100%        3
 Vampiric Draining        Necr           0%         2d6       100%        3
 Airstrike                Air            0%         2d(0-16)  100%        4
 Flame Wave               Conj/Fire      0%         2d4       100%        4
 Fulminant Prism          Conj/Alch      0%         3d5       100%        4
 Olgreb's Toxic Radiance  Alch           0%         N/A       100%        4
 Passage of Golubria      Tloc           0%         N/A       100%        4
 Sticky Flame             Fire/Alch      0%         2d4       100%        4
 Alistair's Intoxication  Alch           0%         N/A       100%        5
 Yara's Violent Unravell  Hex/Alch       0%         3d3       100%        5
 Haunt                    Necr/Summ      0%         N/A       100%        7
 Ozocubu's Refrigeration  Ice            0%         4d7       100%        7
 Borgnjor's Revivificati  Necr           0%         N/A       100%        8
 Discord                  Hex            0%         N/A       100%        8
 Death's Door             Necr           0%         N/A       100%        9


Dungeon Overview and Level Annotations

Branches:
Dungeon (11/15)            Temple (1/1) D:5            Lair (3/5) D:11
 Shoals (0/4) Lair:2        Snake (0/4) Lair:3          Orc (0/2) D:10

Altars:
Ashenzari
Cheibriados
Dithmenos
Elyvilon
Fedhas
Gozag
Hepliaklqana
Kikubaaqudgha
Makhleb
Nemelex Xobeh
Okawaru
Qazlal
Ru
Sif Muna
Trog
Uskayaw
Vehumet
Wu Jian
Xom
Yredelemnul
Zin
The Shining One

Portals:
Bailey: D:10

Annotations:
D:4 2 transporters
D:7 3 runed translucent doors, Pascal76's ghost, novice MiBe
D:11 3 runed translucent doors, mn3067's ghost, journeyman TrFi
Lair:1 2 transporters
Lair:3 Nessos


Innate Abilities, Weirdness & Mutations

You have razor-sharp teeth.
Your natural rate of healing is unusually fast.
When hurt, damage is shared between your health and your magic reserves.
Your bite disrupts and absorbs the magic of your enemies.
Potions cannot restore your health.


Message History

Press: ? - help, Dir - move target, f/p - water moccasin
Aim: a water moccasin (about 43% to evade your +3 broad axe of electrocution)
Okay, then.
Aiming: Charm
Press: ? - help, Shift-Dir - straight line, f/p - water moccasin
Aim: a water moccasin (chance to affect: 49%)
The water moccasin resists with some effort.
You block the water moccasin's attack.
The water moccasin bites you but does no damage.
Unknown command.
Aiming: Charm
Press: ? - help, Shift-Dir - straight line, f/p - water moccasin
Aim: a water moccasin (chance to affect: 49%)
The water moccasin resists with some effort.
You block the water moccasin's attack.
Aiming: Charm
Press: ? - help, Shift-Dir - straight line, f/p - water moccasin
Aim: a water moccasin (chance to affect: 49%)
The water moccasin resists with some effort.
The water moccasin bites you.
* * * LOW HITPOINT WARNING * * *
You are poisoned.
The water moccasin poisons you! You block the water moccasin's attack.
Unknown command.
Unknown command.
Aiming: Mindburst
Press: ? - help, Shift-Dir - straight line, f/p - water moccasin
Aim: a water moccasin (chance to affect: 64%)
The water moccasin's mind is blasted!
* * * LOW HITPOINT WARNING * * *
You feel very sick. You block the water moccasin's attack.
Unknown command.
You closely miss the water moccasin. Your bite misses the water moccasin.
The water moccasin is heavily wounded.
You slash the fungus!
The fungus begins to die.
* * * LOW HITPOINT WARNING * * *
You feel very sick. The water moccasin bites you!
You die...

....##
##...........
..##.#
#............
..# ##
#............
###
#............
..
##........?...
###
#.............
#.......P.....
##.P..SPP...##
#####@##..##
### ..# .P#
#.. ## ##..# #
# #.... .#..
## ##..# .....
#P###...###
#....P
##.........##
##....#


You could see a water moccasin.

Vanquished Creatures
  Gastronok (D:8)
  A hydra (Lair:2)
  A centaur warrior (D:11)
  Amaemon (D:9)
  An ugly thing (D:9)
  A cyclops (D:11)
  2 black mambas (Lair:1)
  Joseph (D:10)
  An orange demon (D:10)
  2 cane toads
  An unseen horror (D:10)
  Maggie (D:7)
  Jeremiah (D:7)
  5 komodo dragons
  2 polar bears
  A troll (D:11)
  4 blink frogs (Lair:2)
  A vampire (D:10)
  4 wyverns
  22 yaks
  2 basilisks (Lair:1)
  A water elemental (D:11)
  3 steam dragons
  3 nagas (Lair:3)
  2 acid dragons (D:11)
  8 water moccasins
  3 orc warriors
  2 black bears
  3 sky beasts
  2 centaurs
  16 wolves
  A phantom (D:6)
  3 kobold brigands
  16 bullfrogs
  3 scorpions
  11 wights
  11 killer bees
  5 electric eels
  2 bombardier beetles
  9 orc priests
  4 hounds (D:11)
  4 iguanas
  A jelly (D:7)
  A gnoll bouda (D:9)
  2 sleepcaps
  13 orc wizards
  7 hell rats (Lair:1)
  3 adders
  7 gnolls
  2 ufetubi (D:6)
  An adder zombie (D:2)
  11 dart slugs
  A ribbon worm (D:4)
  55 orcs
  3 ball pythons (D:2)
  4 bats
  A bat zombie (D:2)
  5 endoplasms
  3 giant cockroaches
  12 goblins
  3 hobgoblins
  4 quokkas
  A ball python zombie (D:2)
  2 frilled lizards (D:3)
  A giant cockroach zombie (D:2)
  17 kobolds
  6 rats
334 creatures vanquished.

Notes
Turn   | Place    | Note
-------+----------+-------------------------------------------
     0 | D:1      | ExZ the Vine Stalker Fighter began the quest for the Orb.
     0 | D:1      | Reached XP level 1. HP: 11/11 MP: 2/2
   107 | D:1      | Reached XP level 2. HP: 16/16 MP: 3/3
   548 | D:1      | Found a faded altar of an unknown god.
   810 | D:2      | Reached XP level 3. HP: 21/21 MP: 2/4
   900 | D:2      | Found a shimmering blue altar of Sif Muna.
  1430 | D:3      | Found a stormy altar of Qazlal.
  1659 | D:3      | You fall into a shaft and drop 2 floors!
  1659 | D:5      | Entered Level 5 of the Dungeon
  1827 | D:4      | Found a transporter.
  1871 | D:4      | Reached XP level 4. HP: 26/26 MP: 5/5
  2001 | D:4      | Found a transporter.
  2104 | D:4      | Reached skill level 5 in Fighting
  2104 | D:4      | Reached XP level 5. HP: 30/30 MP: 6/6
  2281 | D:4      | Noticed a water moccasin
  2299 | D:4      | Killed a water moccasin
  2300 | D:4      | Reached XP level 6. HP: 17/36 MP: 4/7
  3219 | D:4      | Found an ornate altar of the Wu Jian Council.
  3280 | D:5      | Found a broken altar of Ashenzari.
  3493 | D:5      | Found a staircase to the Ecumenical Temple.
  3553 | Temple   | Entered the Ecumenical Temple
  3571 | Temple   | Became a worshipper of Makhleb the Destroyer
  3632 | D:5      | Found a hazy altar of Hepliaklqana.
  3714 | D:5      | Reached XP level 7. HP: 42/42 MP: 8/8
  4634 | D:5      | Gained mutation: You have razor-sharp teeth. [Vine Stalker
                  | growth]
  4634 | D:5      | Reached XP level 8. HP: 35/48 MP: 4/9
  4925 | D:6      | Identified a scroll of acquirement
  4928 | D:6      | Acquired a +1 broad axe of electrocution
  4960 | D:6      | Reached * piety under Makhleb
  5318 | D:7      | Noticed a cyan ugly thing
  5544 | D:7      | Found a runed translucent gate.
  5545 | D:7      | Found a runed translucent gate.
  5546 | D:7      | Found a runed translucent gate.
  5578 | D:7      | Reached XP level 9. HP: 49/52 MP: 8/10
  5612 | D:7      | Identified the +1 leather armour of Weptexil {-Tele Str+3
                  | Dex+2}
  5652 | D:7      | Noticed Jeremiah
  5663 | D:7      | Killed Jeremiah
  5740 | D:7      | Reached skill level 5 in Shields
  5890 | D:7      | Noticed Pascal76's ghost (novice MiBe)
  5988 | D:7      | Noticed Maggie
  6004 | D:7      | Killed Maggie
  6005 | D:7      | Reached skill level 5 in Axes
  6105 | D:8      | Reached skill level 5 in Armour
  6113 | D:8      | Reached ** piety under Makhleb
  6525 | D:8      | Noticed Gastronok
  6581 | D:8      | Killed Gastronok
  6582 | D:8      | Reached XP level 10. HP: 35/57 MP: 11/11
  7056 | D:9      | Found a bloodstained altar of Trog.
  7080 | D:9      | Reached *** piety under Makhleb
  7113 | D:9      | Noticed a purple ugly thing
  7129 | D:9      | Killed a purple ugly thing
  7359 | D:9      | Reached XP level 11. HP: 60/60 MP: 12/12
  7560 | D:10     | Entered Level 10 of the Dungeon
  7621 | D:10     | Noticed Amaemon
  7719 | D:9      | Killed Amaemon
  7782 | D:10     | Found a staircase to the Orcish Mines.
  7982 | D:10     | Found a flagged portal.
  7996 | D:10     | Reached **** piety under Makhleb
  8029 | D:10     | Noticed Joseph
  8055 | D:10     | Killed Joseph
  8198 | D:11     | Noticed mn3067's ghost (journeyman TrFi)
  8200 | D:11     | Found a runed translucent gate.
  8200 | D:11     | Found a runed translucent gate.
  8200 | D:11     | Found a runed translucent gate.
  8201 | D:11     | Noticed an arcanist
  8202 | D:11     | Noticed a red ugly thing
  8365 | D:11     | Noticed a cyclops
  8374 | D:11     | Killed a cyclops
  8470 | D:11     | Noticed a centaur warrior
  8480 | D:11     | Killed a centaur warrior
  8803 | D:11     | Found a staircase to the Lair.
  9402 | Lair:1   | Entered Level 1 of the Lair of Beasts
  9511 | D:11     | Reached XP level 12. HP: 46/65 MP: 13/13
  9520 | Lair:1   | Reached skill level 10 in Axes
  9585 | Lair:1   | Reached skill level 10 in Shields
 10024 | Lair:1   | Identified the +1 robe of the Comet {rF+}
 10119 | Lair:1   | Found a transporter.
 10120 | Lair:1   | Found a transporter.
 10132 | Lair:1   | Noticed a boulder beetle
 10134 | Lair:1   | Noticed a boulder beetle
 10546 | Lair:2   | Noticed a six-headed hydra
 10777 | Lair:2   | Killed a ten-headed hydra
 10795 | Lair:2   | Reached ***** piety under Makhleb
 10977 | Lair:2   | You fall into a shaft and drop 1 floor!
 11120 | Lair:3   | Noticed a death yak
 11121 | Lair:3   | Noticed a six-headed hydra
 11121 | Lair:3   | Noticed a death yak
 11225 | Lair:2   | Found a staircase to the Shoals.
 11580 | Lair:3   | Found a staircase to the Snake Pit.
 11734 | Lair:3   | Noticed Nessos
 11765 | Lair:3   | HP: 3/65 [poisoned by a water moccasin]
 11765 | Lair:3   | Slain by a water moccasin

Illustrated notes

Levels and vault maps discovered:
D:1:      heliophobic_arrival_henge, layout_loops_ring,
          shapermc_ecumenical_altar_totnotflames, serial_bayou_crossing
D:2:      layout_basic, serial_undead, serial_undead_f, serial_undead_b,
          serial_undead_c, serial_undead_c, basic_altar,
          amcnicky_mini_pool_small
D:3:      layout_loops_ring, nicolae_qazlal_eye_of_the_storm,
          hangedman_decor_lopped
D:4:      gammafunk_cloud_chamber, layout_loops_corners,
          nicolae_wu_jian_immortal_techniques, nicolae_letterblocks
          [nicolae_letter_subblock, nicolae_letter_subblock,
          nicolae_letter_subblock, nicolae_letter_subblock,
          nicolae_letter_subblock, nicolae_letter_subblock,
          nicolae_letter_subblock, nicolae_letter_subblock,
          nicolae_letter_subblock, nicolae_letter_subblock,
          nicolae_letter_subblock, nicolae_letter_subblock,
          nicolae_letter_subblock, nicolae_letter_subblock,
          nicolae_letter_subblock, nicolae_letter_subblock,
          nicolae_letter_subblock, nicolae_letter_subblock,
          nicolae_letter_subblock, nicolae_letter_subblock,
          nicolae_letter_subblock, nicolae_letter_subblock,
          nicolae_letter_subblock, nicolae_letter_subblock,
          nicolae_letter_subblock]
D:5:      layout_basic, mainiacjoe_overflow_brackets,
          nicolae_hepliaklqana_hazy_memory, minmay_temple_entry_trees,
          kennysheep_cluttered_room, hangedman_abyss_or_decor_lesser_grid
D:6:      kennysheep_slugbush, layout_basic, hangedman_minor_gate_pass
D:7:      layout_loops_ring, gammafunk_ghost_icy, minmay_misc_feat_chi,
          uniq_maggie, uniq_jeremiah
D:8:      hellmonk_destroyed_diamonds, layout_loops_cross, uniq_gastronok
D:9:      layout_roguey, trog_butcher_becter
D:10:     layout_rooms, david_orc_2, enter_bailey_5, uniq_amaemon, uniq_joseph
D:11:     layout_basic, erik_lair_island, gammafunk_ghost_split
Temple:   nicolae_temple_bog_church
Lair:1:   gammafunk_boulding_lane, layout_small_grid, patterned_corridor
Lair:2:   layout_chaotic_city, elwin_shoals_entry_rocks
Lair:3:   gammafunk_lair_enchanted_lake, layout_cave_pods,
          minmay_snake_entry_guardpost_small, special_room [special_room_bee],
          beast_lair_carwin_10, uniq_nessos

Skill      XL: |  1  2  3  4  5  6  7  8  9 10 11 12 |
---------------+-------------------------------------+-----
Fighting       | 3 4 5 6 7 8 |  8.8
Shields        | 4 6 7 9 11 | 11.2
Armour         | 4 5 6 7 8 |  8.1
Axes           | 3 6 8 9 11 | 11.3

Action                     |  1- 3 |  4- 6 |  7- 9 | 10-12 || total
---------------------------+-------+-------+-------+-------++-------
  Melee: War axe           |   110 |    99 |   111 |       ||   320
         Bite              |    17 |    17 |    67 |   166 ||   267
         Broad axe         |       |       |   140 |   536 ||   676
  Evoke: Wand              |       |       |     5 |    15 ||    20
    Use: Potion            |       |     1 |       |     3 ||     4
         Scroll            |       |       |    18 |    11 ||    29
   Stab: Sleeping          |       |       |     1 |       ||     1
 Armour: Scale mail        |    50 |       |       |       ||    50
         Chain mail        |    20 |    74 |   282 |   245 ||   621
         Plate armour      |       |       |       |   237 ||   237
  Dodge: Dodged            |    50 |    37 |   167 |   199 ||   453
  Block: Buckler           |    28 |    34 |    74 |       ||   136
         Kite shield       |       |       |     1 |   407 ||   408
